AoeStats
← Game project 0001

Coastal Forest

510549651Analyzed
3v3 RM · 1d ago on Oct 1, 2026· 48m 3s· 6 players
Game mode
Random Map
Map size
Normal (6 player)
Population
200
Speed
Normal
Resources
Standard
Victory
Conquest
Starting age
Dark Age
Ending age
Imperial Age
RankedLock teamsTeams togetherTeam positionsShared explorationLock speedFull tech treeHidden civsTurbo modeCheats
Victory
Defeat
🇭🇰 Teutons · Hong Kong SAR China
1492
+15
🇦🇹 Danes · Austria
1485
+15
🇭🇰 Huns · Hong Kong SAR China
1371
+20
🇭🇰 Vikings · Hong Kong SAR China
1541
-19
🇭🇰 Wu · Hong Kong SAR China
1495
-18
🇭🇰 Saracens · Hong Kong SAR China
1374
-13
Steven S Lee
3:21 Loom
10:38 Loom
12:48 Feudal Age
14:32 Double-Bit Axe
14:28 Horse Collar
17:29 Castle Age
15:56 Gold Mining
17:08 Scale Mail Armor
18:29 Bow Saw
18:24 Squires
18:36 Forging
19:28 Chain Mail Armor
19:01 Town Watch
23:37 Arson
25:46 Heavy Plow
25:40 Stone Mining
32:15 Iron Casting
34:37 Imperial Age
33:39 Man-at-Arms
34:14 Fletching
35:10 Gold Shaft Mining
34:37 Elite Varangian Guard
35:33 Scale Barding Armor
35:59 Plate Mail Armor
36:07 Masonry
37:40 Blast Furnace
38:55 Treadmill Crane
40:02 Architecture
40:40 Conscription
40:50 Chieftains
45:11 Town Patrol
argum
11:30 Feudal Age
11:08 Loom
11:57 Double-Bit Axe
12:58 Horse Collar
16:18 Forging
21:54 Castle Age
20:38 Scale Mail Armor
20:24 Arson
21:35 Gold Mining
23:02 Chain Mail Armor
23:27 Bow Saw
23:36 Squires
25:35 Iron Casting
25:14 Man-at-Arms
28:41 Husbandry
32:17 Wheelbarrow
31:43 Fletching
32:13 Pikeman
34:36 Long Swordsman
37:21 Fishing Lines
39:30 Hand Cart
39:16 Town Watch
42:48 Imperial Age
40:36 Masonry
41:03 Bodkin Arrow
43:07 Stone Mining
44:06 Conscription
44:03 Bracer
46:30 Padded Archer Armor
46:22 Treadmill Crane
47:26 Gold Shaft Mining
47:40 Ballistics
tomcw
5:10 Loom
10:14 Feudal Age
13:33 Double-Bit Axe
16:33 Fletching
29:11 Castle Age
32:23 Castle Age
31:10 Horse Collar
33:12 Heavy Plow
35:41 Squires
35:07 Pikeman
42:12 Forging
43:12 Wheelbarrow
43:50 Iron Casting
44:41 Scale Barding Armor
45:45 Bloodlines
45:35 Husbandry
45:45 Caravan
46:30 Hand Cart
46:58 Bow Saw
47:09 Padded Archer Armor
47:44 Elite Skirmisher
Game project 0001
6:01 Loom
10:08 Feudal Age
16:11 Castle Age
14:41 Double-Bit Axe
15:03 Horse Collar
15:35 Gold Mining
15:54 Scale Barding Armor
17:34 Chain Barding Armor
26:13 Bloodlines
27:42 Town Watch
28:35 Wheelbarrow
30:33 Hand Cart
30:03 Town Watch
30:29 Bow Saw
30:20 Heavy Plow
35:47 Imperial Age
35:59 Forging
35:54 Cavalier
37:34 Plate Barding Armor
38:29 Iron Casting
38:51 Gold Mining
41:59 Blast Furnace
40:50 Fletching
44:52 Chemistry
44:12 Ballistics
44:50 Paladin
3HK
4:42 Loom
10:42 Feudal Age
11:26 Double-Bit Axe
11:23 Horse Collar
15:35 Scale Barding Armor
18:11 Bloodlines
26:01 Castle Age
24:27 Forging
25:49 Wheelbarrow
27:02 Chain Barding Armor
26:44 Husbandry
26:04 Light Cavalry
27:17 Heavy Plow
27:29 Bow Saw
28:52 Iron Casting
32:21 Hand Cart
31:51 Town Watch
32:49 Gold Mining
34:45 Fletching
34:56 Padded Archer Armor
39:03 Imperial Age
36:50 Bodkin Arrow
37:13 Leather Archer Armor
37:27 Ballistics
38:06 Thumb Ring
40:17 Bracer
39:41 Heavy Cavalry Archer
41:24 Chemistry
40:53 Parthian Tactics
44:17 Stone Mining
45:04 Gold Shaft Mining
44:22 Stone Mining
47:04 Two-Man Saw
DeadlyEfficiency
9:06 Feudal Age
8:54 Loom
9:41 Man-at-Arms
11:35 Double-Bit Axe
11:39 Horse Collar
12:23 Scale Mail Armor
12:54 Arson
17:21 Forging
21:19 Castle Age
21:22 Long Swordsman
22:19 Chain Mail Armor
22:22 Gambesons
25:00 Iron Casting
27:11 Squires
33:33 Bow Saw
34:19 Wheelbarrow
33:58 Gold Mining
34:25 Town Watch
40:45 Imperial Age
39:04 Hand Cart
41:10 Elite Varangian Guard
42:31 Plate Mail Armor
45:39 Blast Furnace
Connection lost

Rejoining the realm…

Still unreachable

The connection could not be restored.

Session expired

The server has moved on; the page needs a fresh start.